 Dungeon Crawl Stone Soup version 0.19.0-20-gbc5f0c6 (webtiles) character file.

177 Lochraine the Charmwright (level 5, -7/38 HPs)
             Began as a Human Skald on Nov 17, 2016.
             Mangled by an iguana (12 damage)
             ... on level 5 of the Dungeon.
             The game lasted 00:07:07 (3048 turns).

Lochraine the Charmwright (Human Skald)             Turns: 3048, Time: 00:07:07

Health: -7/38      AC:  3    Str: 13    XL:     5   Next: 87%
Magic:  4/9        EV: 11    Int: 13    God:
Gold:   155        SH:  5    Dex: 12    Spells: 2 memorised, 7 levels left

rFire  . . .     SeeInvis .     a - +0 falchion
rCold  . . .     Gourm    .     b - +0 leather armour
rNeg   . . .     Faith    .     m - +1 buckler
rPois  .         Spirit   .     (no helmet)
rElec  .         Reflect  .     (no cloak)
rCorr  .         Harm     .     (no gloves)
MR     .....                    (no boots)
Stlth  +.........               (no amulet)
                                (no ring)
                                (no ring)

@: infused, singing
A: no striking features
a: Stop Singing


You were on level 5 of the Dungeon.
You were not hungry.

You visited 1 branch of the dungeon, and saw 5 of its levels.

You collected 155 gold pieces.

Inventory:

Hand Weapons
 a - a +0 falchion (weapon)
 q - a cursed +0 hunting sling
Armour
 b - a +0 leather armour (worn)
 l - a +0 ring mail
 m - a +1 buckler (worn)
 v - a +0 scale mail
Scrolls
 e - a scroll of teleportation
 f - a scroll of random uselessness
 k - a scroll of remove curse {unknown}
 n - 3 scrolls of identify {unknown}
 p - a scroll of noise {unknown}
 r - 3 scrolls of enchant armour
 u - a scroll of amnesia {unknown}
Potions
 h - 2 potions of flight {unknown}
 i - 2 potions of curing
 j - 3 potions of heal wounds {unknown}
 s - a potion of invisibility {unknown}
Books
 c - a book of Battle

   Spells                             Type                      Level
   a - Infusion                       Charms                       1
   b - Shroud of Golubria             Charms/Translocation         2
   c - Song of Slaying                Charms                       2
   d - Spectral Weapon                Hexes/Charms                 3
   e - Regeneration                   Charms/Necromancy            3
Comestibles
 d - 3 bread rations
 g - a beef jerky
 o - 2 royal jellies
 t - a meat ration


   Skills:
 - Level 2.0 Fighting
 - Level 2.5 Long Blades
 - Level 1.0 Armour
 - Level 1.0 Dodging
 + Level 1.7 Shields
 + Level 3.1 Spellcasting
 + Level 4.7 Charms


You had 7 spell levels left.
You knew the following spells:

 Your Spells              Type           Power        Failure   Level  Hunger
a - Infusion              Chrm           ##..         6%          1    #......
b - Song of Slaying       Chrm           ##......     10%         2    ##.....


Dungeon Overview and Level Annotations

Branches:
Dungeon (5/15)
 Temple: D:4-7

Altars:

Annotations:
D:4 Grinder


Message History

You start singing a song of slaying.
Firing (i - inventory): No suitable missiles.
Press: ? - help, Shift-Dir - straight line, f - you
Okay, then.
You climb downwards.
The jackal barks!
The iguana bites you!
The jackal bites you but does no damage.
There is a stone staircase leading up, spattered with blood here.
You hit the jackal.
The jackal is heavily wounded.
The iguana bites you!
* * * LOW HITPOINT WARNING * * *
The jackal bites you but does no damage.
The iguana bites you.
* * * LOW HITPOINT WARNING * * *
You slash the jackal!
You kill the jackal!
The iguana bites you!
You die...

#############
#............
#..@l......
#...###+###..
###


You could see an iguana.

Vanquished Creatures
  A centaur skeleton (D:4)
  A hound skeleton (D:4)
  5 adders
  3 oozes
  3 worms
  A dart slug (D:2)
  2 leopard geckos (D:2)
  2 orcs (D:3)
  A ball python (D:3)
  4 giant cockroaches (D:1)
  8 goblins
  7 hobgoblins
  4 jackals
  A quokka (D:2)
  5 bats
  6 frilled lizards
  5 kobolds
  7 rats
66 creatures vanquished.

Notes
Turn   | Place    | Note
-------+----------+-------------------------------------------
     0 | D:1      | Lochraine the Human Skald began the quest for the Orb.
     0 | D:1      | Reached XP level 1. HP: 16/16 MP: 3/3
   136 | D:1      | You fall through a shaft!
   170 | D:2      | Reached XP level 2. HP: 18/22 MP: 3/5
   404 | D:2      | Reached XP level 3. HP: 8/27 MP: 2/6
   975 | D:2      | Reached XP level 4. HP: 31/33 MP: 7/7
  1002 | D:2      | Reached skill level 4 in Charms
  1455 | D:3      | Learned a level 2 spell: Song of Slaying
  1641 | D:3      | Reached skill level 1 in Shields
  1641 | D:3      | Reached XP level 5. HP: 34/38 MP: 2/9
  2773 | D:4      | Noticed Grinder
  3031 | D:5      | Entered Level 5 of the Dungeon
  3048 | D:5      | Mangled by an iguana

Skill      XL: |  1  2  3  4  5 |
---------------+----------------+-----
Charms         | 4 |  4.7
Shields        | 1 |  1.7
Spellcasting   | 3 |  3.1
Fighting       | |  2.0
Long Blades    | |  2.5
Armour         | |  1.0
Dodging        | |  1.0

Action                   |  1- 3 |  4- 6 || total
-------------------------+-------+-------++-------
Melee: Falchion          |    96 |   159 ||   255
 Cast: Infusion          |     7 |     4 ||    11
       Song of Slaying   |       |     1 ||     1
  Use: Potion            |     2 |       ||     2
       Scroll            |       |     3 ||     3
  Eat: Chunk             |     1 |     7 ||     8
Armor: Leather armour    |    10 |     4 ||    14
       Ring mail         |    26 |    53 ||    79
Dodge: Dodged            |    74 |    77 ||   151
Block: Buckler           |    14 |    25 ||    39
       Rpst.: Falchion   |    26 |    19 ||    45
